 Dungeon Crawl Stone Soup version 0.21-a0-642-g5d013b2151 (webtiles) character file.

8 Kaname the Magician (level 2, 19/19 HPs)
             Began as a Demonspawn Wizard on Dec 31, 2017.
             Quit the game on level 1 of the Dungeon.
             The game lasted 00:01:23 (1037 turns).

Kaname the Magician (Demonspawn Wizard)             Turns: 1037, Time: 00:01:24

Health: 19/19      AC:  4    Str:  7    XL:     2   Next: 0%
Magic:  4/6        EV: 12    Int: 23    God:
Gold:   55         SH:  0    Dex: 11    Spells: 6/7 levels left

rFire    . . .     SeeInvis .   p - +2 mace (protect)
rCold    . . .     Gourm    .   (no shield)
rNeg     . . .     Faith    .   a - +0 robe
rPois    +         Spirit   .   b - +0 hat
rElec    .         Reflect  .   (no cloak)
rCorr    .         Harm     .   (no gloves)
MR       .....                  (no boots)
Stlth    ++........             (no amulet)
HPRegen  0.06/turn              m - ring of poison resistance
MPRegen  0.10/turn              o - +4 ring of intelligence

@: no status effects
A: yellow scales 1
a: no special abilities


You were on level 1 of the Dungeon.
You were hungry.

You visited 1 branch of the dungeon, and saw 1 of its levels.

You collected 55 gold pieces.

Inventory:

Hand Weapons
 p - a +2 mace of protection (weapon)
Armour
 a - a +0 robe (worn)
 b - a +0 hat (worn)
Jewellery
 m - a ring of poison resistance (left hand)
 o - a +4 ring of intelligence (right hand)
Scrolls
 f - a scroll of enchant armour {unknown}
 h - a scroll of immolation {unknown}
 k - a scroll of blinking {unknown}
 n - 2 scrolls of identify {unknown}
Potions
 e - a potion of degeneration {unknown}
 g - a potion of heal wounds {unknown}
 i - a potion of curing {unknown}
 j - a potion of flight {unknown}
Books
 c - a book of Minor Magic

   Spells                             Type                      Level
   a - Magic Dart                     Conjuration                  1
   b - Blink                          Translocation                2
   c - Call Imp                       Summoning                    2
   d - Slow                           Hexes                        2
   e - Conjure Flame                  Conjuration/Fire             3
   f - Mephitic Cloud                 Conjuration/Poison/Air       3
Comestibles
 d - 2 rations


   Skills:
 + Level 1.7 Dodging
 + Level 1.7 Stealth
 + Level 3.4 Spellcasting
 + Level 1.0 Conjurations
   Level 1.0 Summonings
   Level 0.8 Translocations


You had 6 spell levels left.
You knew the following spells:

 Your Spells              Type           Power        Failure   Level  Hunger
a - Magic Dart            Conj           #...         8%          1    None


Dungeon Overview and Level Annotations

Branches:
Dungeon (1/15)

Altars:


Innate Abilities, Weirdness & Mutations

You are partially covered in yellow scales. (AC +2)


Message History

n - 2 scrolls labeled FAIPHUKLET (gained 1)
Found a stone staircase leading down.
There is a stone staircase leading down here.
You are feeling hungry.
You enter the shallow water.
Moving in this stuff is going to be slow.
There is a staircase leading out of the dungeon here.
A goblin comes into view.
A goblin is nearby!
Casting: Magic Dart
Confirm with . or Enter, or press ? or * to list all spells.
Aiming: Magic Dart
Press: ? - help, Shift-Dir - straight line, f - goblin
Aim: a goblin The magic dart hits the goblin.
You kill the goblin!
You have reached level 2!
Your demonic ancestry asserts itself...
Yellow scales grow over part of your body.
Are you sure you want to abandon this character and quit the game? (Confirm with "yes".)

############# #..
.†.....@....# #.#
###########.# #.# #....#
#.# ### #.# #.##.# #.# ..#
##.## ######.#######.#
..###...## #≈≈≈≈♣.♣≈≈≈≈##.#
.........# #≈...♣.♣...≈##.#
..###....###≈.P.......≈##.#
..####.#...#≈PPP......≈##.#


There were no monsters in sight!

Vanquished Creatures
  A dart slug (D:1)
  2 goblins (D:1)
  A hobgoblin (D:1)
  A kobold (D:1)
  2 rats (D:1)
  A plant (D:1)
8 creatures vanquished.

Vanquished Creatures (others)
  5 toadstools (D:1)
5 creatures vanquished.

Grand Total: 13 creatures vanquished

Notes
Turn   | Place    | Note
-------+----------+-------------------------------------------
     0 | D:1      | Kaname the Demonspawn Wizard began the quest for the Orb.
     0 | D:1      | Reached XP level 1. HP: 13/13 MP: 4/4
  1036 | D:1      | Gained mutation: You are partially covered in yellow scales. (AC +2) [demonic ancestry]
  1036 | D:1      | Reached XP level 2. HP: 19/19 MP: 4/6
  1037 | D:1      | Quit the game

Vault maps used:
D:1:      ldierk_walled_garden

Action                   || total
-------------------------++-------
Melee: Unarmed           ||   467
       Mace              ||     3
 Cast: Magic Dart        ||    13
  Eat: Chunk             ||     1
Armor: Robe              ||     3
Dodge: Dodged            ||     1

Table legend:
 A = Spawn XP
 B = Non-spawn XP
 C = Spawn XP percentage of total XP
 D = Spawn monster count
 E = Non-spawn monster count
 F = Spawn count percentage of total count
 G = Total turns spent on level
                    A         B        C        D         E        F      G
               +---------+---------+-------+---------+---------+-------+---------
         Total |       0 |      12 |   0.0 |       0 |       7 |   0.0 |  1037
               +---------+---------+-------+---------+---------+-------+---------
           D:1 |       0 |      12 |   0.0 |       0 |       7 |   0.0 |  1037
               +---------+---------+-------+---------+---------+-------+---------
